 Dungeon Crawl Stone Soup version 0.30.1-6-gbe392663c4 (webtiles) character file.

Game seed: 15965544424505610877

963 dynsetu the Covert (level 8, -19/43 HPs)
             Began as a Kobold Enchanter on Sept 21, 2023.
             Demolished by a two-headed ogre
             ... wielding a +0 giant spiked club
              (33 damage)
             ... on level 8 of the Dungeon.
             The game lasted 00:21:39 (5562 turns).

dynsetu the Covert (Kobold Enchanter)               Turns: 5562, Time: 00:21:39

Health: -19/43     AC:  3    Str:  6    XL:     8   Next: 37%
Magic:  5/14       EV: 16    Int: 18    God:
Gold:   346        SH:  0    Dex: 15    Spells: 7/15 levels left

rFire   . . .        z - +4 dagger
rCold   . . .        (no shield)
rNeg    . . .        b - +0 robe
rPois   .            C - +0 helmet
rElec   .            (no cloak)
rCorr   .            (no gloves)
SInv    .            (no boots)
Will    +....        (no amulet)
Stlth   +++++        g - ring of willpower
HPRegen 0.27/turn    (no ring)
MPRegen 0.14/turn

%: no passive effects
@: very slightly contaminated
A: small, no large weapons, nightstalker 3
a: no special abilities


You were on level 8 of the Dungeon.
You visited 1 branch of the dungeon, and saw 6 of its levels.

You collected 346 gold pieces.

Inventory:

Hand Weapons
 a - a +1 dagger
 d - a +0 sling
 z - a +4 dagger (weapon)
 A - a +1 dagger of venom
Missiles
 e - 51 stones (quivered)
 o - 5 boomerangs of dispersal
Armour
 b - a +0 robe (worn)
 C - a +0 helmet (worn)
Jewellery
 g - a ring of willpower (left hand)
 q - a ring of protection from cold
 s - an amulet of guardian spirit
Wands
 v - a wand of roots (7)
Scrolls
 c - a scroll of brand weapon {unknown}
 f - 3 scrolls of vulnerability
 j - 2 scrolls of silence {unknown}
 k - a scroll of enchant weapon {unknown}
 m - 2 scrolls of fog {unknown}
 n - 3 scrolls of identify
 t - 2 scrolls of noise {unknown}
 u - a scroll of poison {unknown}
 y - a scroll of teleportation {unknown}
Potions
 h - 2 potions of curing {unknown}
 i - 2 potions of degeneration {unknown}
 l - 2 potions of resistance {unknown}
 p - a potion of flight {unknown}
 r - 2 potions of berserk rage
 w - a potion of brilliance {unknown}
 x - a potion of magic {unknown}
 B - a potion of attraction {unknown}


   Skills:
 + Level 1.4 Fighting
 + Level 4.3 Short Blades
 + Level 4.0 Dodging
 + Level 8.9 Stealth
 + Level 4.3 Spellcasting
 + Level 4.4 Hexes
 + Level 2.0 Ice Magic


You had 7 spell levels left.
You knew the following spells:

 Your Spells              Type           Power      Damage    Failure   Level
a - Ensorcelled Hibernat  Hex/Ice        30%        N/A       6%          2
b - Tukima's Dance        Hex            19%        N/A       7%          3
c - Confusing Touch       Hex            19%        N/A       7%          3

Your spell library contained the following spells:

 Spells                   Type           Power      Damage    Failure   Level
 Freeze                   Ice            44%        1d6       6%          1
 Magic Dart               Conj           12%        1d3       14%         1
 Dazzling Flash           Conj/Hex       22%        N/A       17%         3
 Frozen Ramparts          Ice            22%        1d4       19%         3
 Searing Ray              Conj           6%         2d4       22%         2
 Hailstorm                Conj/Ice       7%         3d4       28%         3
 Fulminant Prism          Conj/Hex       5%         3d7       50%         4
 Malign Gateway           Summ/Tloc      1%         N/A       100%        7
 Summon Horrible Things   Summ           1%         N/A       100%        8


Dungeon Overview and Level Annotations

Branches:
Dungeon (5/15)
 Temple: D:4-7

Altars:
Elyvilon
Qazlal
Wu Jian
Yredelemnul
The Shining One

Annotations:
D:1 exclusions: door and 1 more exclusion
D:5 exclusion: door


Innate Abilities, Weirdness & Mutations

You are small and have problems with some larger weapons.
You are completely attuned to the shadows.


Message History

Press: ? - help, Shift-Dir - straight line, f/p - two-headed ogre
Aim: a two-headed ogre, wielding two +0 giant spiked clubs (chance to affect: 34%)
The two-headed ogre easily resists.
Casting: Tukima's Dance (dangerous; 7% risk of failure)
Confirm with . or Enter, or press ? or * to list all spells.
Aiming: Tukima's Dance (dangerous; 7% risk of failure)
Press: ? - help, Shift-Dir - straight line, f/p - two-headed ogre
Aim: a two-headed ogre, wielding two +0 giant spiked clubs (chance to affect: 34%)
The two-headed ogre easily resists.
The two-headed ogre attacks as you move away!
The two-headed ogre closely misses you.
The two-headed ogre hits you with a +0 giant spiked club!
Casting: Tukima's Dance (dangerous; 7% risk of failure)
Confirm with . or Enter, or press ? or * to list all spells.
You miscast Confusing Touch.
You are very lightly contaminated with residual magic.
Nothing appears to happen.
The two-headed ogre barely misses you. x2
Your magical contamination has completely faded away.
You see here a +0 robe.
You see here a +0 dagger.
You see here a +0 club.
Items here: )))) [[.
Items here: )) [[.
Things that are here:
a +0 dagger; a +0 robe
Things that are here:
a +0 hand axe; a +0 dagger; a +0 robe
Casting: Confusing Touch (dangerous; 7% risk of failure)
Confirm with . or Enter, or press ? or * to list all spells.
You miscast Confusing Touch.
You are very lightly contaminated with residual magic.
Nothing appears to happen.
The two-headed ogre attacks as you move away!
The two-headed ogre misses you. The two-headed ogre barely misses you.
The two-headed ogre attacks as you move away!
The two-headed ogre hits you with a +0 giant spiked club!!
Ouch! That really hurt!
The two-headed ogre hits you with a +0 giant spiked club!!
Ouch! That really hurt!
You die...

#.......# #.......#
#....)..############
#####........[))).)))..######
..O.#.......##########......#
###.#.......##########...####
#..#.######..........).#
##...## #..###......#.#
#.....# #.##.@O######.#
###.###.####.#..### #..#
.##.###..#...#.##.# #.##
....#..........#..# #.#
.#....##.....###..# #.#
##..####......#...# #.#
..O..##.........### #.#
.....##.........# #.#
................# ##.#


You could see a two-headed ogre.

Vanquished Creatures
  A water moccasin (D:5)
  An ice beast (D:8)
  An ogre (D:3)
  A bullfrog (D:4)
  A scorpion (D:5)
  A howler monkey (D:5)
  A jelly (D:5)
  An orc priest (D:8)
  4 iguanas
  3 orc wizards (D:8)
  5 adders
  2 white imps
  2 ufetubi
  A worm (D:2)
  A dart slug (D:3)
  6 orcs (D:8)
  6 ball pythons
  3 bats
  4 endoplasms
  5 giant cockroaches
  6 hobgoblins
  4 jackals (D:1)
  2 quokkas (D:1)
  5 goblins
  3 kobolds
  9 rats
79 creatures vanquished.

Vanquished Creatures (collateral kills)
  An ogre (D:5)
  An orc wizard (D:8)
2 creatures vanquished.

Vanquished Creatures (others)
  A dancing weapon (D:8)
  An orc priest (D:8)
  2 orc wizards (D:8)
4 creatures vanquished.

Grand Total: 85 creatures vanquished

Notes
Turn   | Place    | Note
-------+----------+-------------------------------------------
     0 | D:1      | dynsetu the Kobold Enchanter began the quest for the Orb.
     0 | D:1      | Reached XP level 1. HP: 10/10 MP: 3/3
   166 | D:1      | Reached XP level 2. HP: 15/15 MP: 5/5
   550 | D:1      | Learned a level 2 spell: Ensorcelled Hibernation
   696 | D:1      | Reached XP level 3. HP: 16/19 MP: 3/6
   770 | D:1      | Learned a level 3 spell: Tukima's Dance
  1147 | D:2      | Reached XP level 4. HP: 24/24 MP: 2/7
  1673 | D:2      | Reached skill level 5 in Stealth
  2202 | D:3      | Found an ornate altar of the Wu Jian Council.
  2215 | D:3      | Noticed an ogre
  2219 | D:3      | Killed an ogre
  2220 | D:3      | Reached skill level 6 in Stealth
  2220 | D:3      | Reached skill level 1 in Ice Magic
  2220 | D:3      | Reached XP level 5. HP: 28/28 MP: 7/9
  2224 | D:3      | Learned a level 3 spell: Confusing Touch
  2344 | D:3      | Found a faded altar of an unknown god.
  2758 | D:4      | Found a stormy altar of Qazlal.
  3184 | D:4      | Reached XP level 6. HP: 33/33 MP: 10/10
  3235 | D:4      | Reached skill level 1 in Fighting
  3542 | D:4      | Reached skill level 7 in Stealth
  3586 | D:5      | Entered Level 5 of the Dungeon
  3610 | D:5      | Found a white marble altar of Elyvilon.
  3872 | D:5      | Reached XP level 7. HP: 15/38 MP: 5/11
  4307 | D:5      | Found a basalt altar of Yredelemnul.
  4347 | D:5      | Noticed a water moccasin
  4365 | D:5      | Killed a water moccasin
  4366 | D:5      | Reached skill level 8 in Stealth
  4850 | D:5      | You fall into a shaft and drop 3 floors!
  4899 | D:8      | Reached XP level 8. HP: 43/43 MP: 8/13
  5439 | D:8      | Noticed a two-headed ogre
  5507 | D:8      | Found a glowing golden altar of the Shining One.
  5562 | D:8      | Demolished by a two-headed ogre

Illustrated notes

Levels and vault maps discovered:
D:1:      dpeg_arrival_pond, layout_basic, st_stairs_12
D:2:      layout_loops_ring, serial_glass, glass_columns_a, glass_columns_b,
          glass_columns_a, glass_columns_a, kennysheep_cross_room
D:3:      layout_loops_ring, nicolae_overflow_hidden_temple,
          hellmonk_ecumenical_altar_inner_sanctum, nicolae_figureground_pulse
D:4:      layout_loops_ring, nicolae_qazlal_scattered_showers, minivault_26,
          dk_noncrumbling_3
D:5:      layout_basic, elyvilon_altar_3, yredelemnul_altar_generic,
          serial_bayou, serial_bayou_lagoon_b, serial_bayou_shore_a,
          serial_bayou_pond_b, serial_bayou_pond_e
D:8:      layout_rooms, tso_metal_star, corner_web_ring

Skill      XL: |  1  2  3  4  5  6  7  8 |
---------------+-------------------------+-----
Short Blades   | 2 3 4 |  4.3
Dodging        | 3 4 |  4.0
Stealth        | 6 7 8 |  8.9
Ice Magic      | 1 2 |  2.0
Fighting       | 1 |  1.4
Spellcasting   | 3 4 |  4.3
Hexes          | 4 |  4.4

Action                     |  1- 3 |  4- 6 |  7- 9 || total
---------------------------+-------+-------+-------++-------
  Melee: Dagger            |    65 |    83 |   104 ||   252
         Punch             |     2 |     2 |       ||     4
  Throw: Stone             |     2 |       |       ||     2
   Cast: Ensorcelled Hiber |     9 |     5 |     8 ||    22
         Confusing Touch   |       |     3 |     9 ||    12
         Tukima's Dance    |       |       |     9 ||     9
    Use: Potion            |       |       |     5 ||     5
         Scroll            |       |       |     2 ||     2
   Stab: Sleeping          |    14 |    23 |     5 ||    42
         Confused          |       |       |     5 ||     5
         Invisible         |       |       |     5 ||     5
 Armour: Robe              |     3 |     5 |    13 ||    21
  Dodge: Dodged            |    39 |    49 |    66 ||   154
